 Dungeon Crawl Stone Soup version 0.18.1-50-g88ac8fd (webtiles) character file.

399 Naarciss the Magician (level 6, -6/32 HPs)
             Began as a Deep Elf Fire Elementalist on Sept 29, 2016.
             Mangled by Duvessa
             ... wielding a +0 short sword
              (17 damage)
             ... on level 4 of the Dungeon.
             The game lasted 00:19:50 (3858 turns).

Naarciss the Magician (Deep Elf Fire Elementalist)  Turns: 3858, Time: 00:19:51

Health: -6/32      AC:  5    Str:  3 (5)  XL:     6   Next: 54%
Magic:  1/16       EV: 13    Int: 23 (24) God:
Gold:   187        SH:  0    Dex: 15      Spells: 5 memorised, 2 levels left

rFire  . . .     SeeInvis .     s - +3 whip (drain)
rCold  . . .     Gourm    .     a - +0 robe
rNeg   . . .     Faith    .     (no shield)
rPois  +         Spirit   .     (no helmet)
rElec  .         Dismiss  .     (no cloak)
rCorr  .         Reflect  .     d - +2 pair of gloves
SustAt .         Harm     .     (no boots)
MR     .....                    (no amulet)
Stlth  ++........               f - +2 ring of intelligence
                                p - ring of poison resistance

@: slowed, very slow, not resistant to hostile enchantments, unstealthy
A: no striking features
a: no special abilities


You were on level 4 of the Dungeon.
You were not hungry.

You visited 1 branch of the dungeon, and saw 4 of its levels.

You collected 187 gold pieces.

Inventory:

Hand Weapons
 s - a +3 whip of draining (weapon)
Armour
 a - a +0 robe (worn)
 d - a +2 pair of gloves (worn)
Jewellery
 f - a +2 ring of intelligence (right hand)
 p - a ring of poison resistance (left hand)
Scrolls
 e - 3 scrolls of recharging
 g - 2 scrolls of remove curse
 k - 2 scrolls of magic mapping
 q - 2 scrolls of random uselessness
Potions
 c - 2 potions of agility
 i - a potion of flight
Books
 b - a book of Flames

   Spells                             Type                      Level
   a - Flame Tongue                   Conjuration/Fire             1
   b - Throw Flame                    Conjuration/Fire             2
   c - Conjure Flame                  Conjuration/Fire             3
   d - Inner Flame                    Hexes/Fire                   3
   e - Sticky Flame                   Conjuration/Fire             4
   f - Fireball                       Conjuration/Fire             5
Comestibles
 h - a bread ration


   Skills:
 + Level 0.1 Maces & Flails
 + Level 3.2 Dodging
 + Level 3.3 Stealth
 + Level 5.7 Spellcasting
 + Level 3.4 Conjurations
 * Level 5.4 Fire Magic


You had 2 spell levels left.
You knew the following spells:

 Your Spells              Type           Power        Failure   Level  Hunger
a - Flame Tongue          Conj/Fire      ####.        1%          1    None
b - Throw Flame           Conj/Fire      ####..       2%          2    None
c - Inner Flame           Hex/Fire       ###.....     10%         3    #......
d - Fireball              Conj/Fire      ####......   45%         5    #####..
e - Conjure Flame         Conj/Fire      ####....     6%          3    #......


Dungeon Overview and Level Annotations

Branches:
Dungeon (4/15)
 Temple: D:4-7

Altars:
Dithmenos
Xom

Annotations:
D:4 Duvessa


Message History

Duvessa completely misses you. Duvessa misses you.
Duvessa hits you with a short sword!
Casting: Flame Tongue
Confirm with . or Enter, or press ? or * to list all spells.
Aiming: Flame Tongue
Press: ? - help, Shift-Dir - straight line, f/p - Duvessa
Aim: Duvessa, wielding a short sword, wearing a leather armour and carrying a wand of slowing {zapped: 1} (lightly wounded, berserk, fast, unusually strong)
The flame tongue hits Duvessa.
Duvessa appears unharmed.
Duvessa is lightly wounded.
Duvessa hits you with a short sword! Duvessa hits you but does no damage.
Casting: Flame Tongue
Confirm with . or Enter, or press ? or * to list all spells.
Aiming: Flame Tongue
Press: ? - help, Shift-Dir - straight line, f/p - Duvessa
Aim: Duvessa, wielding a short sword, wearing a leather armour and carrying a wand of slowing {zapped: 1} (lightly wounded, berserk, fast, unusually strong)
The flame tongue hits Duvessa.
Duvessa is lightly wounded.
Duvessa hits you with a short sword!
Ouch! That really hurt!
You die...

..........#########
...........#
.>.<.......#
...........#
..........#
..........#
..........#
..........#
....$)e@.##
.........#
..........#
..........#
..........#
..........#
.#..#..#..#
##########


You could see Duvessa (berserk).

Vanquished Creatures
  Dowan (D:4)
  Terence (D:3)
  Jessica (D:2)
  A worker ant (D:4)
  10 gnolls
  8 adders
  An ooze (D:2)
  4 worms
  A dart slug (D:3)
  4 giant geckos
  A ball python (D:1)
  5 giant cockroaches
  8 goblins
  8 hobgoblins
  6 jackals (D:1)
  2 quokkas
  14 bats
  3 giant newts
  9 kobolds
  8 rats
96 creatures vanquished.

Notes
Turn   | Place    | Note
--------------------------------------------------------------
     0 | D:1      | Naarciss the Deep Elf Fire Elementalist began the quest for the Orb.
     0 | D:1      | Reached XP level 1. HP: 10/10 MP: 6/6
   125 | D:1      | Reached XP level 2. HP: 4/15 MP: 2/8
   346 | D:1      | Learned a level 2 spell: Throw Flame
   959 | D:1      | Reached XP level 3. HP: 19/19 MP: 8/10
   964 | D:1      | Learned a level 3 spell: Inner Flame
  1402 | D:2      | Reached XP level 4. HP: 24/24 MP: 1/12
  2028 | D:2      | Noticed Jessica
  2031 | D:2      | Killed Jessica
  2031 | D:2      | Reached XP level 5. HP: 28/28 MP: 2/13
  2038 | D:2      | Learned a level 5 spell: Fireball
  2536 | D:2      | Found a shimmering altar of Xom.
  2536 | D:2      | Found a shadowy altar of Dithmenos.
  2984 | D:3      | Reached skill level 5 in Spellcasting
  3162 | D:3      | Noticed Terence
  3168 | D:3      | Killed Terence
  3168 | D:3      | Reached skill level 5 in Fire Magic
  3168 | D:3      | Reached XP level 6. HP: 31/32 MP: 5/16
  3173 | D:3      | Learned a level 3 spell: Conjure Flame
  3849 | D:4      | Noticed Dowan
  3850 | D:4      | Noticed Duvessa
  3855 | D:4      | Killed Dowan
  3858 | D:4      | Mangled by Duvessa

Skill      XL: |  1  2  3  4  5 |
---------------+----------------+-----
Fire Magic     | 4 5 |  5.4
Dodging        | 3 |  3.2
Spellcasting   | 4 5 |  5.7
Conjurations   | 2 3 |  3.4
Stealth        | 3 |  3.3
Maces & Flails | |  0.1

Action                   |  1- 3 |  4- 6 || total
-------------------------+-------+-------++-------
Melee: Dagger            |       |     7 ||     7
       Whip              |       |     7 ||     7
 Cast: Flame Tongue      |    52 |    49 ||   101
       Throw Flame       |    14 |    73 ||    87
  Use: Scroll            |       |     9 ||     9
       Potion            |       |     4 ||     4
  Eat: Fruit             |     3 |     3 ||     6
       Bread ration      |       |     1 ||     1
Armor: Robe              |     5 |     3 ||     8
Dodge: Dodged            |    17 |    26 ||    43
